 Dungeon Crawl Stone Soup version 0.26-a0-683-g5206c1d7ac (webtiles) character file.

Game seed: 2614289990882633945

221 DogServant the Skirmisher (level 5, 0/50 HPs)
             Began as a Minotaur Fighter on Oct 22, 2020.
             Slain by a phantom (6 damage)
             ... on level 5 of the Dungeon.
             The game lasted 00:01:40 (1826 turns).

DogServant the Skirmisher (Minotaur Fighter)        Turns: 1826, Time: 00:01:41

Health: 0/50       AC:  6    Str: 21    XL:     5   Next: 65%
Magic:  4/4        EV:  7    Int:  5    God:
Gold:   70         SH:  8    Dex: 10    Spells: 4/4 levels left

rFire    . . .     SeeInvis .   a - +0 war axe
rCold    . . .     Faith    .   c - +0 kite shield
rNeg     . . .     Spirit   .   b - +0 scale mail
rPois    .         Reflect  .   (helmet restricted)
rElec    .         Harm     .   (no cloak)
rCorr    .         Rampage  .   (no gloves)
MR       .....                  (no boots)
Stlth    ..........             (no amulet)
HPRegen  0.16/turn              (no ring)
MPRegen  0.09/turn              (no ring)

@: heavily drained
A: retaliatory headbutt, horns 2
a: no special abilities


You were on level 5 of the Dungeon.
You visited 1 branch of the dungeon, and saw 4 of its levels.

You collected 70 gold pieces.

Inventory:

Hand Weapons
 a - a +0 war axe (weapon)
Missiles
 k - 7 javelins (quivered)
Armour
 b - a +0 scale mail (worn)
 c - a +0 kite shield (worn)
Scrolls
 e - 2 scrolls of identify {unknown}
 h - a scroll of blinking {unknown}
 j - a scroll of amnesia {unknown}
Potions
 d - a potion of might
 f - a potion of brilliance {unknown}
 g - 2 potions of degeneration {unknown}
 i - a potion of curing {unknown}


   Skills:
 + Level 6.0(4.8) Fighting
 + Level 5.3(4.1) Axes
 - Level 3.6(2.4) Armour
 - Level 3.6(2.4) Shields


You had 4 spell levels left.
You didn't know any spells.
Your spell library was empty.

Dungeon Overview and Level Annotations

Branches:
Dungeon (3/15)

Altars:


Innate Abilities, Weirdness & Mutations

You reflexively headbutt those who attack you in melee.
You have a pair of horns on your head.


Message History

You headbutt the wight, but do no damage.
The wight is severely damaged.
The wight hits you with a cursed +2 dagger of draining.
* * * LOW HITPOINT WARNING * * *
You feel drained.
You hit the wight.
You destroy the wight!
Your base Fighting skill increases to level 6!
You barely miss the phantom. The phantom closely misses you.
You closely miss the phantom. The phantom hits you.
* * * LOW HITPOINT WARNING * * *
The phantom barely misses you.
You hit the phantom but do no damage.
The phantom hits you but does no damage.
You miss the phantom. The phantom hits you!
* * * LOW HITPOINT WARNING * * *
The phantom blinks! x2
The phantom barely misses you.
You hit the phantom but do no damage. The phantom hits you.
You die...

#.#.# #.#.
##.#.##############
..........[........
.................. .
#.#.##............ ...
#.#...............
.....##@####.##########.
..$...))W..†§.........#.
?.....###..#.########.#.
...... #..#......#...(.
##... #§.#.###.##.#.##
#... #..### #........
#.. .... #..#.#+## #..
#..W#. #..#..... #...#.
#. #.....


You could see a phantom.

Vanquished Creatures
  3 wights (D:5)
  An iguana (D:5)
  2 adders (D:2)
  2 dart slugs (D:1)
  2 giant cockroaches
  8 goblins
  8 hobgoblins
  12 kobolds
  A quokka (D:2)
  A ball python (D:1)
  5 bats
  4 frilled lizards
  6 rats
55 creatures vanquished.

Notes
Turn   | Place    | Note
-------+----------+-------------------------------------------
     0 | D:1      | DogServant the Minotaur Fighter began the quest for the
                  | Orb.
     0 | D:1      | Reached XP level 1. HP: 19/19 MP: 0/0
    78 | D:1      | Reached skill level 4 in Fighting
    78 | D:1      | Reached XP level 2. HP: 26/27 MP: 1/1
   508 | D:1      | Reached XP level 3. HP: 34/34 MP: 2/2
  1360 | D:2      | Reached XP level 4. HP: 34/41 MP: 3/3
  1743 | D:3      | You fall into a shaft and drop 2 floors!
  1743 | D:5      | Entered Level 5 of the Dungeon
  1777 | D:5      | Reached skill level 5 in Fighting
  1803 | D:5      | Noticed a phantom
  1810 | D:5      | Reached XP level 5. HP: 18/48 MP: 4/4
  1814 | D:5      | Reached skill level 5 in Axes
  1821 | D:5      | Reached skill level 6 in Fighting
  1826 | D:5      | Slain by a phantom

Illustrated notes

Levels and vault maps discovered:
D:1:      dpeg_arrival_tiny_d, layout_loops_ring, hangedman_feature_mirror
D:2:      layout_basic
D:3:      layout_rooms, grunt_gozag_statues, lemuel_doored_altar,
          gammafunk_temple_overflow_statue, tgw_xom
D:5:      minmay_angry_zag, layout_basic

Skill      XL: |  1  2  3  4  5 |
---------------+----------------+-----
Fighting       | 4 5 6 |  6.0
Axes           | 3 4 5 |  5.3
Armour         | |  3.6
Shields        | |  3.6

Action                   |  1- 3 |  4- 6 || total
-------------------------+-------+-------++-------
Melee: War axe           |    99 |    26 ||   125
       Headbutt          |    14 |     4 ||    18
Armor: Scale mail        |    39 |     6 ||    45
Dodge: Dodged            |    28 |     6 ||    34
Block: Kite shield       |    44 |    14 ||    58

Table legend: (Time is in decaauts)
 A = Elapsed time spent in this place.
 B = Non-inter-level travel time spent in this place.
 C = Inter-level travel time spent in this place.
 D = Time resting spent in this place.
 E = Time spent auto-exploring this place.
 F = Levels seen in this place.
 G = Mean time per level.
                   A        B        C        D        E       F      G
               +--------+--------+--------+--------+--------+-----+--------+
         Total |   1875 |   1803 |     72 |      0 |   1472 |   4 |  468.8 |
       Dungeon |   1875 |   1803 |     72 |      0 |   1472 |   4 |  468.8 |
               +--------+--------+--------+--------+--------+-----+--------+

Top non-repeatable levels by time:
     D:1: 951 daAuts
     D:2: 829 daAuts
     D:5: 92 daAuts
     D:3: 1 daAuts
